 Dungeon Crawl Stone Soup version 0.23.2 (webtiles) character file.

Game seed: 8823245998453531270

9 Norn the Ruffian (level 2, 0/23 HPs)
             Began as a Draconian Transmuter on Apr 9, 2019.
             Succumbed to a kobold's poison
             ... on level 1 of the Dungeon.
             The game lasted 00:01:13 (273 turns).

Norn the Ruffian (Draconian Transmuter)              Turns: 273, Time: 00:01:14

Health: 0/23       AC:  4    Str: 12    XL:     2   Next: 3%
Magic:  3/5        EV: 12    Int: 13    God:
Gold:   6          SH:  0    Dex: 11    Spells: 4/5 levels left

rFire    + . .     SeeInvis .     - Unarmed
rCold    . . .     Gourm    .   (no shield)
rNeg     . . .     Faith    .   (armour unavailable)
rPois    .         Spirit   .   (helmet restricted)
rElec    .         Reflect  .   (no cloak)
rCorr    .         Harm     .   (no gloves)
MR       .....                  (no boots)
Stlth    +.........             (no amulet)
HPRegen  0.07/turn              i - ring of protection from fire
MPRegen  0.09/turn              (no ring)

@: lethally poisoned (0 -> -3)
A: unfitting armour, cold-blooded, AC +4
a: no special abilities


You were on level 1 of the Dungeon.
You were not hungry.

You visited 1 branch of the dungeon, and saw 1 of its levels.

You collected 6 gold pieces.

Inventory:

Missiles
 a - 12 arrows
 b - 22 stones (quivered)
Jewellery
 i - a ring of protection from fire (left hand)
   (You found it on level 1 of the Dungeon)
Comestibles
 e - a ration {!d}


   Skills:
 - Level 1.1 Fighting
 - Level 1.7 Dodging
 + Level 3.6 Unarmed Combat
 - Level 2.0 Spellcasting
 - Level 2.0 Transmutations


You had 4 spell levels left.
You knew the following spells:

 Your Spells              Type           Power        Failure   Level  Hunger
a - Beastly Appendage     Tmut           #.....       11%         1    ##.....

Your spell library contained the following spells:

 Spells                   Type           Power        Failure   Level  Hunger
 Sticks to Snakes         Tmut           #.......     17%         2    ###....
 Spider Form              Tmut/Pois      #.........   45%         3    ####...
 Ice Form                 Ice/Tmut       #.......     86%         4    #####..
 Blade Hands              Tmut           #.........   97%         5    ######.


Dungeon Overview and Level Annotations

Branches:
Dungeon (1/15)

Altars:


Innate Abilities, Weirdness & Mutations

Your plain brown scales are hard. (AC +4)
You cannot fit into any form of body armour.
You are cold-blooded and may be slowed by cold attacks.


Message History

You see here a +0 short sword of venom.
You miscast Beastly Appendage.
You are very lightly contaminated with residual magic.
You smell something strange.
You feel sick.
The frilled lizard bites you but does no damage.
You closely miss the frilled lizard. The frilled lizard barely misses you.
You hit the frilled lizard but do no damage.
You feel sick. The frilled lizard bites you.
* * * LOW HITPOINT WARNING * * *
A frilled lizard comes into view.
* * * LOW HITPOINT WARNING * * *
You feel sick.
The frilled lizard unfolds its giant frill.
* * * LOW HITPOINT WARNING * * *
You feel sick.
Your feet morph into talons.
* * * LOW HITPOINT WARNING * * *
You feel sick. The frilled lizard bites you.
* * * LOW HITPOINT WARNING * * *
You hit the frilled lizard.
You kill the frilled lizard!
You hit the giant cockroach.
* * * LOW HITPOINT WARNING * * *
You feel sick.
The giant cockroach bites you but does no damage.
You barely miss the giant cockroach.
Your transformation is almost over.
The giant cockroach waves its antennae.
The giant cockroach barely misses you.
You barely miss the giant cockroach.
The giant cockroach bites you but does no damage.
You closely miss the giant cockroach. Your kick misses the giant cockroach.
You tail-slap the giant cockroach, but do no damage.
The giant cockroach bites you but does no damage.
You hit the giant cockroach.
You kill the giant cockroach!
You have reached level 2!
* * * LOW HITPOINT WARNING * * *
You feel sick.
You see here a giant cockroach corpse.
You butcher the giant cockroach corpse.
* * * LOW HITPOINT WARNING * * *
You feel sick.
You see here 2 chunks of flesh.
Unknown command.
You aren't carrying any potions.
There is a lethal amount of poison in your body!
Your talons disappear.
Your magical contamination has completely faded away.
You die...

....#.....#####...##
##........#
..........#####.######........#
#............................#
#.......####..##########.####
#.....# #..# #.# #.).# #..# #.#
##...## #..# #.#
##..(..#####..# #.#
.#.#.......%...@.# #.#
...........####.## #.#
##.#....(..# #.# #.#
...##......# #)# #.# ##
##.(.#.# #.# #.# #####.# #.##
#.# #.# #..# #.# #.# ##.# #.#
#.# #.# #.#


There were no monsters in sight!

Vanquished Creatures
  A giant cockroach (D:1)
  A hobgoblin (D:1)
  3 bats (D:1)
  A frilled lizard (D:1)
  2 kobolds (D:1)
8 creatures vanquished.

Notes
Turn   | Place    | Note
-------+----------+-------------------------------------------
     0 | D:1      | Norn the Draconian Transmuter began the quest for the Orb.
     0 | D:1      | Reached XP level 1. HP: 16/16 MP: 3/3
   265 | D:1      | Reached XP level 2. HP: 3/23 MP: 3/5
   269 | D:1      | HP: 1/23 [poisoned by a kobold]
   273 | D:1      | Succumbed to a kobold's poison

Action                   || total
-------------------------++-------
Melee: Unarmed           ||    26
       Headbutt          ||     1
       Tailslap          ||     1
 Cast: Beastly Appendage ||     4
Armor: Skin              ||     9
Dodge: Dodged            ||    21
